Description

In this build you 2 drop DTs to the terran as soon as DT Shrine is complete.

Replay - DT Drop

Build Order

Get SALT Encoding   

  12  0:01  Probe  
  13  0:14  Pylon  
  13  0:19  Probe  
  14  0:32  Gateway  
  14  0:38  Assimilator, Probe  
  15  0:47  Probe  
  15  0:53  Assimilator  
  15  0:56  Probe  
  17  1:08  Probe  
  18  1:20  Probe  
  18  1:22  Cybernetics Core  
  19  1:32  Probe  
  20  1:38  Pylon  
  20  1:44  Probe  
  21  1:56  Probe  
  21  2:00  Twilight Council, Warp Gate  
  22  2:09  Gateway  
  23  2:23  Adept  
  23  2:25  Robotics Facility  
  24  3:00  Dark Shrine  
  24  3:02  Warp Prism  
  27  3:36  Nexus  
  27  3:42  Pylon  
  28  4:13  Dark Templar x2  
  32  4:24  Gateway  
  32  4:46  Dark Templar x2  
  36  4:54  Gateway  
  24  5:36  Dark Templar x2  
  30  6:09  Zealot x2  
  34  6:11  Charge  
  38  6:35  Zealot  
  36  6:52  Stalker  
  39  7:11  Archon x3  
  41  7:26  Zealot x2  
  37  7:50  Stalker x3  
  39  7:55  Sentry  
  43  8:19  Pylon  
  45  8:28  Pylon  
  46  8:35  Adept x2  
  50  8:45  Adept  
  52  8:55  Zealot  
  52  9:05  Zealot x2  
  46  9:29  Stalker x4  
Spawning Tool Build Advisor. Get it on Overwolf

Analysis

This build is a lower league friendly build order, where you stay on 1 base to create a fast drop of DTs, as soon as warpgate finishes you'll have 2 DTs dropping on Terran base, then you can create more gateways while you harras the terran or take a natural to continue the pressure.

Go to:

Details

  • Created by: darthjulius
  • Published on: Jul 19, 2018
  • Modified on: Jul 19, 2018
  • Patch: 4.0.0
Show
View Real Time Build Order
Export as new Build Order

Comments (0)

There are no comments. Be the first!

Create an account to comment!